 Dungeon Crawl Stone Soup version 0.22-a0-533-g4d20840 (webtiles) character file.

15131 Amnesiac the Prestidigitator (level 11, -2/66 HPs)
             Began as a Spriggan Abyssal Knight on June 23, 2018.
             Was the Champion of Lugonu.
             Slain by an unseen horror (8 damage)
             ... on level 11 of the Dungeon.
             The game lasted 00:43:23 (17961 turns).

Amnesiac the Prestidigitator (SpAK)                Turns: 17961, Time: 00:43:23

Health: -2/66      AC:  5    Str: 10 (11) XL:     11   Next: 97%
Magic:  24/24      EV: 26    Int: 15 (16) God:    Lugonu [******]
Gold:   666        SH:  0    Dex: 17 (20) Spells: 14/26 levels left

rFire    . . .     SeeInvis +   b - +0 dagger (venom)
rCold    . . .     Gourm    .   (shield restricted)
rNeg     . . .     Faith    +   J - +0 robe {MR+}
rPois    .         Spirit   .   (helmet restricted)
rElec    .         Reflect  .   h - +0 cloak
rCorr    .         Harm     .   (gloves unavailable)
MR       +++..                  (boots unavailable)
Stlth    +++++.....             e - amulet of faith
HPRegen  0.21/turn              w - +3 ring of dexterity
MPRegen  0.19/turn              F - +3 ring of intelligence

@: very quick
A: very small, unfitting armour, icy blue scales 1, see invisible, deterioration
1, herbivore, speed 3, magic resistance 1, robust 1, slow metabolism 2
a: Depart the Abyss, Bend Space, Banish, Corrupt, Enter the Abyss, Brand Weapon
With Distortion, Renounce Religion


You were on level 11 of the Dungeon.
You worshipped Lugonu.
Lugonu was exalted by your worship.
You were not hungry.

You visited 2 branches of the dungeon, and saw 12 of its levels.
You visited the Abyss 1 time.

You collected 666 gold pieces.

Inventory:

Hand Weapons
 a - a +1 dagger of speed
 b - a +0 dagger of venom (weapon)
 l - a +0 dagger of pain
 N - a +1 hunting sling of flaming
Missiles
 p - 171 stones (quivered)
 C - 62 sling bullets
 I - 2 throwing nets
Armour
 h - a +0 cloak (worn)
 J - a +0 robe of magic resistance (worn)
 L - a +0 troll leather armour
Jewellery
 e - an amulet of faith (around neck)
 i - an uncursed amulet of guardian spirit
 w - a +3 ring of dexterity (left hand)
 F - a +3 ring of intelligence (right hand)
Wands
 s - a wand of paralysis (3)
 y - a wand of enslavement (1)
 H - a wand of polymorph (16)
 K - a wand of random effects (12)
 M - a wand of acid (4)
Scrolls
 d - 4 scrolls of enchant weapon {!r}
 g - 5 scrolls of teleportation {!r}
 j - 2 scrolls of remove curse {!r}
 n - 5 scrolls of enchant armour {!r}
 q - 2 scrolls of fear {!r}
 r - 2 scrolls of fog {!r}
 v - 3 scrolls of blinking {!r}
 x - 2 scrolls of magic mapping {!r}
 D - 2 scrolls of amnesia {!r}
 G - 5 scrolls of identify {!r}
Potions
 f - 2 potions of lignification {!q}
 k - a potion of berserk rage {!q}
 m - a potion of invisibility {!q}
 o - 3 potions of curing {!q}
 t - 2 potions of ambrosia {!q}
 u - a potion of heal wounds {!q, unknown}
 z - a potion of flight {!q}
 A - a potion of haste {!q}
 B - a potion of brilliance {!q}
 E - 2 potions of magic {!q}
Comestibles
 c - 13 rations


   Skills:
 - Level 8.0 Fighting
 - Level 10.0 Short Blades
 - Level 10.1 Dodging
 - Level 10.0 Stealth
 - Level 8.0 Spellcasting
 + Level 4.4 Necromancy
 - Level 2.0 Invocations
 - Level 10.6 Evocations


You had 14 spell levels left.
You knew the following spells:

 Your Spells              Type           Power        Failure   Level  Hunger
a - Apportation           Tloc           #.....       12%         1    None
b - Passwall              Tmut/Erth      #.......     19%         2    None
c - Animate Skeleton      Necr           N/A          1%          1    None
d - Summon Small Mammal   Summ           #...         12%         1    None
e - Spectral Weapon       Hex/Chrm       #.......     34%         3    ##.....
r - Regeneration          Chrm/Necr      ##........   14%         3    ##.....
z - Confusing Touch       Hex            #.....       12%         1    None

Your spell library contained the following spells:

 Spells                   Type           Power        Failure   Level  Hunger
 Confuse                  Hex            #.......     34%         3    ##.....
 Stone Arrow              Conj/Erth      #.....       34%         3    ##.....
 Metabolic Englaciation   Hex/Ice        #.........   97%         5    #####..
 Lee's Rapid Deconstruct  Erth           #.........   97%         5    #####..
 Sandblast                Erth           #.....       12%         1    None
 Petrify                  Tmut/Erth      #.......     75%         4    ####...
 Shroud of Golubria       Chrm/Tloc      #.........   19%         2    None
 Infusion                 Chrm           #...         12%         1    None
 Song of Slaying          Chrm           #.......     19%         2    None
 Gell's Gravitas          Tloc           #.........   34%         3    ##.....
 Yara's Violent Unravell  Hex/Tmut       #.........   97%         5    #####..


Dungeon Overview and Level Annotations

Branches:
Dungeon (11/15)            Temple (1/1) D:6            Lair (0/6) D:10
    Orc (0/2) D:11

Altars:
Ashenzari
Cheibriados
Dithmenos
Elyvilon
Fedhas
Gozag
Hepliaklqana
Kikubaaqudgha
Makhleb
Nemelex Xobeh
Okawaru
Qazlal
Ru
Sif Muna
Trog
Uskayaw
Vehumet
Wu Jian
Xom
Yredelemnul
Zin
The Shining One

Shops:
D:10 ?


Innate Abilities, Weirdness & Mutations

You are very small and have problems with some larger weapons.
You are too small for most types of armour.
You have supernaturally acute eyesight. (SInv)
You are a herbivore.
You cover ground extremely quickly.
You need to consume almost no food.
You are partially covered in icy blue scales. (AC +2)
Your body sometimes deteriorates upon taking damage.
You are resistant to hostile enchantments. (MR+)
You are robust. (+10% HP)


Message History

The killer bee closely misses you.
You closely miss the killer bee.
The killer bee is lightly wounded.
You hit the killer bee.
The killer bee is lightly wounded.
The unseen horror hits you!
Your body deteriorates!
You feel weakened.
You hit the killer bee but do no damage.
The killer bee is poisoned.
The killer bee is lightly wounded.
The unseen horror closely misses you. The killer bee misses you.
The killer bee closely misses you.
You miss the killer bee. The unseen horror closely misses you.
The killer bee stings you. The killer bee misses you.
You closely miss the killer bee. The killer bee closely misses you.
The unseen horror completely misses you.
The killer bee closely misses you. The killer bee completely misses you.
You closely miss the killer bee.
The unseen horror completely misses you.
The killer bee closely misses you. x2; The killer bee stings you.
* * * LOW HITPOINT WARNING * * *
The unseen horror hits you!
* * * LOW HITPOINT WARNING * * *
The killer bee misses you.
You hit the killer bee.
The killer bee looks even sicker.
The killer bee is severely wounded.
The killer bee completely misses you. The killer bee stings you.
* * * LOW HITPOINT WARNING * * *
You kill the killer bee!
Lugonu accepts your kill. The unseen horror misses you.
You closely miss the killer bee.
The killer bee is severely wounded.
The killer bee completely misses you. The unseen horror misses you.
The unseen horror completely misses you.
You kill the killer bee!
Lugonu accepts your kill. The unseen horror hits you!
* * * LOW HITPOINT WARNING * * *
Evoke which item? (* to show all) (? for menu, Esc to quit)
Aiming: Corrosive Bolt
Press: ? - help, Shift-Dir - straight line, f - unseen horror
Aim: an unseen horror (slightly transparent)
The bolt of acid hits the unseen horror.
The unseen horror is splashed with acid.
The acid corrodes the unseen horror!
The unseen horror is almost dead.
The bolt of acid hits the killer bee.
The killer bee is splashed with acid.
The acid corrodes the killer bee!
You kill the killer bee!
Lugonu accepts your kill. The unseen horror barely misses you.
Evoke which item? (* to show all) (? for menu, Esc to quit)
Aiming: Paralyse
Press: ? - help, Shift-Dir - straight line, f/p - unseen horror
Aim: an unseen horror (almost dead, slightly transparent, covered in acid, chance to defeat MR: 73%)
Okay, then.
Evoke which item? (* to show all) (? for menu, Esc to quit)
Aiming: Corrosive Bolt
Press: ? - help, Shift-Dir - straight line, f/p - unseen horror
Aim: an unseen horror (almost dead, slightly transparent, covered in acid)
The bolt of acid misses the unseen horror.
The unseen horror hits you!
You die...

#################################
.................................
.....[...........................
.......######............####<...
.......######....................
.................................
.................................
...............x.......#########.
................@......#.......#.
####'####'##############.......'.
...........#....# #.......#.
...........#....# #.......#.
...........#....# #.......#.
...........#....# #.......'.
...........#....# #.......#†
...........#....# #.......#.
...........#....# #.......#.


You could see an unseen horror (invisible).

Vanquished Creatures
  2 hydras (D:11)
  Harold (D:11)
  3 two-headed ogres
  An unseen horror (D:11)
  An elephant (D:10)
  A hornet (D:8)
  2 trolls
  3 polar bears (D:8)
  The ghost of KeeTraxx the Skirmisher, an amateur GnWn (D:5)
  Prince Ribbit (D:7)
  2 hippogriffs
  5 yaks
  A hog (D:8)
  A basilisk (D:10)
  Edmund (D:5)
  A soldier ant (D:8)
  4 sky beasts
  4 orc warriors
  10 black bears
  2 ice beasts
  3 phantoms
  4 ogres
  11 killer bees
  6 centaurs
  A crocodile (D:10)
  A big kobold (D:9)
  8 bullfrogs
  A wyvern zombie (D:11)
  A water moccasin zombie (D:8)
  2 scorpions
  8 howler monkeys
  4 crimson imps
  A hound (D:4)
  11 orc wizards
  4 bullfrog skeletons
  15 orc priests
  Crazy Yiuf (D:4)
  A jelly (D:9)
  3 iguanas
  2 centaur skeletons
  Ijyb (D:5)
  4 worker ants
  A killer bee zombie (D:8)
  A hound skeleton (D:6)
  4 gnolls
  10 adders
  A shadow imp (D:9)
  An adder skeleton (D:8)
  2 worms (D:2)
  A dart slug (D:1)
  A leopard gecko (D:6)
  67 orcs
  5 giant cockroaches
  2 goblins
  5 hobgoblins
  12 jackals
  7 kobolds
  6 quokkas
  2 ball pythons
  6 bats
  4 frilled lizards
  A giant cockroach zombie (D:5)
  A leopard gecko skeleton (D:5)
  A quokka zombie (D:5)
  4 rats
285 creatures vanquished.

Vanquished Creatures (collateral kills)
  A death yak (D:8)
  A hippogriff (D:8)
  3 yaks (D:8)
  A hog (D:8)
  A black bear (D:8)
  A killer bee (D:9)
  5 orcs
13 creatures vanquished.

Vanquished Creatures (others)
  A hornet (D:8)
  A hog (D:8)
  A soldier ant (D:8)
  A killer bee (D:9)
  An orc wizard (D:7)
  An orc (D:11)
  2 fungi (D:10)
  A plant (D:10)
9 creatures vanquished.

Grand Total: 307 creatures vanquished

Notes
Turn   | Place    | Note
-------+----------+-------------------------------------------
     0 | Abyss:1  | Amnesiac the Spriggan Abyssal Knight began the quest for the Orb.
     0 | Abyss:1  | Reached XP level 1. HP: 11/11 MP: 3/3
    67 | Abyss:1  | Noticed a quasit
    82 | Abyss:1  | Found a corrupted altar of Lugonu.
    86 | Abyss:1  | Noticed a large abomination
   128 | Abyss:1  | Noticed an ancient zyme
   153 | Abyss:1  | Found a corrupted altar of Lugonu.
   263 | Abyss:2  | Noticed a small abomination
   282 | Abyss:2  | Noticed a large abomination
   286 | Abyss:2  | Noticed a fire bat
   289 | Abyss:2  | Noticed a fire bat
   293 | Abyss:2  | Noticed a tentacled starspawn
   293 | Abyss:2  | Noticed a thrashing horror
   297 | Abyss:2  | Noticed a large abomination
   406 | Abyss:3  | Noticed a chaos spawn
   409 | Abyss:3  | Noticed a naga
   411 | Abyss:3  | Noticed a chaos spawn
   430 | Abyss:4  | Noticed a large abomination
   442 | Abyss:4  | Noticed a wizard
   446 | Abyss:4  | Found a corrupted altar of Lugonu.
   446 | Abyss:4  | Noticed an earth elemental
   449 | Abyss:4  | Noticed a worldbinder
   451 | Abyss:4  | Noticed a merfolk siren
   452 | Abyss:4  | Noticed a manticore
   452 | Abyss:4  | Noticed a manticore
   452 | D:1      | Escaped the Abyss
   968 | D:1      | Reached skill level 1 in Stealth
   984 | D:1      | Reached XP level 2. HP: 12/16 MP: 4/4
  1006 | D:1      | Reached * piety under Lugonu
  1455 | D:2      | Reached XP level 3. HP: 12/19 MP: 5/5
  1692 | D:2      | Noticed a fire elemental
  1694 | D:2      | Found a stormy altar of Qazlal.
  1705 | D:2      | Noticed a water elemental
  1706 | D:2      | Noticed an air elemental
  1706 | D:2      | Noticed an earth elemental
  2219 | D:2      | Reached XP level 4. HP: 13/23 MP: 6/6
  2507 | D:3      | Reached ** piety under Lugonu
  3282 | D:3      | Reached XP level 5. HP: 3/27 MP: 7/7
  3614 | D:3      | Found a blossoming altar of Fedhas.
  3638 | D:3      | Reached skill level 1 in Evocations
  4056 | D:3      | Found a sacrificial altar of Ru.
  4156 | D:5      | Entered Level 5 of the Dungeon
  4164 | D:5      | Found an opulent altar of Gozag.
  4174 | D:5      | Noticed a sky beast
  4233 | D:5      | Killed a sky beast
  4233 | D:5      | Reached *** piety under Lugonu
  4233 | D:5      | Reached XP level 6. HP: 25/32 MP: 7/10
  4434 | D:5      | Noticed Ijyb
  4438 | D:5      | Killed Ijyb
  4447 | D:5      | Noticed Edmund
  4548 | D:5      | Killed Edmund
  4548 | D:5      | Reached skill level 5 in Dodging
  4642 | D:5      | Found a runed gate.
  4642 | D:5      | Found a runed gate.
  4644 | D:5      | Found a runed gate.
  4645 | D:5      | Noticed KeeTraxx's ghost (amateur GnWn)
  4804 | D:5      | Reached skill level 5 in Short Blades
  4814 | D:5      | Killed KeeTraxx's ghost
  4814 | D:5      | Reached skill level 5 in Stealth
  4814 | D:5      | Reached skill level 5 in Evocations
  4814 | D:5      | Reached XP level 7. HP: 14/35 MP: 11/11
  5227 | D:4      | Found a runed door.
  6370 | D:4      | Noticed Crazy Yiuf
  6433 | D:4      | Killed Crazy Yiuf
  6433 | D:4      | Reached XP level 8. HP: 39/39 MP: 13/13
  6441 | D:4      | Gained mutation: Your body sometimes deteriorates upon taking damage. [potion of mutation]
  6441 | D:4      | Gained mutation: You are resistant to hostile enchantments. (MR+) [potion of mutation]
  6441 | D:4      | Gained mutation: You are partially covered in icy blue scales. (AC +2) [potion of mutation]
  6441 | D:4      | Gained mutation: You are robust. (+10% HP) [potion of mutation]
  6694 | D:6      | Found a burning altar of Makhleb.
  6945 | D:6      | Reached **** piety under Lugonu
  7151 | D:6      | Learned a level 1 spell: Confusing Touch
  7250 | D:6      | Found a staircase to the Ecumenical Temple.
  7297 | Temple   | Entered the Ecumenical Temple
  8135 | D:6      | Found a bloodstained altar of Trog.
  8173 | D:6      | Found a sparkling altar of Nemelex Xobeh.
  8271 | D:6      | Learned a level 2 spell: Passwall
  8785 | D:7      | Noticed a hippogriff
  8794 | D:7      | Killed a hippogriff
  8794 | D:7      | Reached XP level 9. HP: 47/47 MP: 15/15
  8809 | D:7      | Learned a level 1 spell: Apportation
  8811 | D:7      | Learned a level 1 spell: Animate Skeleton
  8813 | D:7      | Learned a level 1 spell: Summon Small Mammal
  8899 | D:7      | Noticed Prince Ribbit
  9479 | D:7      | HP: 1/47 [Prince Ribbit (14)]
 10079 | D:7      | Killed Prince Ribbit
 10281 | D:8      | Reached skill level 1 in Spellcasting
 10527 | D:8      | Noticed a two-headed ogre
 10614 | D:8      | Reached skill level 5 in Spellcasting
 10621 | D:8      | Killed a two-headed ogre
 10637 | D:9      | Found an iron altar of Okawaru.
 10702 | D:9      | Learned a level 3 spell: Regeneration
 10708 | D:9      | Learned a level 3 spell: Spectral Weapon
 11100 | D:9      | Reached XP level 10. HP: 43/53 MP: 23/23
 11493 | D:8      | Found a huge runed gate.
 11494 | D:8      | Found a huge runed gate.
 11494 | D:8      | Found a huge runed gate.
 11494 | D:8      | Found a huge runed gate.
 11494 | D:8      | Noticed a death yak
 11568 | D:8      | Reached ***** piety under Lugonu
 11884 | D:8      | Reached skill level 5 in Fighting
 11923 | D:8      | Reached skill level 10 in Stealth
 12344 | D:8      | Got an ebony trident {freeze}
 12519 | D:8      | Killed a death yak
 12607 | D:8      | Killed a polar bear
 13011 | D:8      | Paralysed by a hornet for 2 turns
 13203 | D:8      | Identified the +7 trident "Osiemuiwk" {freeze, rN+ MR+} (You took it off an orc on level 8 of the Dungeon)
 13667 | D:9      | Reached skill level 10 in Short Blades
 13883 | D:9      | Reached XP level 11. HP: 61/61 MP: 24/24
 14242 | D:10     | Entered Level 10 of the Dungeon
 14729 | D:10     | Noticed a two-headed ogre
 14732 | D:10     | Killed a two-headed ogre
 14780 | D:10     | Found a staircase to the Lair.
 15430 | D:10     | Found Poletem's Magic Scroll Boutique.
 15582 | D:10     | Reached ****** piety under Lugonu
 16134 | D:11     | Found a staircase to the Orcish Mines.
 16188 | D:11     | Noticed a two-headed ogre
 16277 | D:11     | Killed a two-headed ogre
 16277 | D:11     | Reached skill level 10 in Evocations
 16557 | D:11     | Noticed Harold
 16562 | D:11     | Noticed a five-headed hydra
 16593 | D:11     | Killed Harold
 16593 | D:11     | Reached skill level 1 in Necromancy
 17353 | D:11     | Noticed an unseen horror
 17405 | D:11     | Killed an unseen horror
 17524 | D:11     | Killed a five-headed hydra
 17524 | D:11     | Reached skill level 10 in Dodging
 17525 | D:11     | Noticed a five-headed hydra
 17554 | D:11     | Killed a five-headed hydra
 17940 | D:11     | Noticed an unseen horror
 17961 | D:11     | Slain by an unseen horror

Vault maps used:
D:1:      lightli_arrival_quake
D:2:      nicolae_qazlal_style_of_elements
D:3:      overflow_temple_1_default, first_ration, minmay_misc_feat_encased,
          st_stairs_12, fedhas_altar_2
D:4:      black_bear_nest_1, kennysheep_dice, uniq_crazy_yiuf_cottage
D:5:      grunt_gozag_statues, gammafunk_ghost_necromancy,
          kennysheep_decorative_pillar, uniq_edmund, uniq_ijyb
D:6:      makhleb_grotto_becter, lightli_temple_of_fire,
          minmay_temple_entry_mist, hangedman_abyss_or_decor_stabs,
          nemelex_altar_shiori
D:7:      uniq_prince_ribbit1
D:8:      lemuel_bear_cage, hangedman_pestilent_swarm
D:9:      okawaru_metal_pillars_3
D:10:     david_lair_generic, serial_shops, nicolae_shop_behind_doors
D:11:     orc_0_dummy, uniq_harold
Temple:   eino_temple_scatter_basement
Abyss:3:  due_evilmike_abyss_rune_seething_liches, evilmike_abyss_exit_10
Abyss:4:  hangedman_abyss_overflow_altar, minivault_23

Skill      XL: |  1  2  3  4  5  6  7  8  9 10 11 |
---------------+----------------------------------+-----
Invocations    | 2 |  2.0
Stealth        | 2 3 4 5 6 8 10 | 10.0
Short Blades   | 3 4 5 6 8 10 | 10.0
Dodging        | 4 5 6 8 10 | 10.1
Evocations     | 4 5 7 8 9 10 | 10.6
Spellcasting   | 8 |  8.0
Fighting       | 3 6 8 |  8.0
Necromancy     | 4 |  4.4

Action                   |  1- 3 |  4- 6 |  7- 9 | 10-12 || total
-------------------------+-------+-------+-------+-------++-------
Melee: Short sword       |   125 |   289 |   149 |       ||   563
       Dagger            |       |       |   333 |  1209 ||  1542
       Unarmed           |       |       |    25 |    73 ||    98
       Trident           |       |       |       |    10 ||    10
 Fire: Hunting sling     |       |       |    56 |       ||    56
 Cast: Confusing Touch   |       |       |    11 |    41 ||    52
       Passwall          |       |       |     1 |       ||     1
       Spectral Weapon   |       |       |       |     1 ||     1
Invok: Depart the Abyss  |     1 |       |       |       ||     1
Evoke: Wand              |       |    25 |    15 |    25 ||    65
  Use: Scroll            |     7 |       |    10 |     3 ||    20
       Potion            |     1 |       |     4 |     1 ||     6
 Stab: Sleeping          |     5 |    10 |     7 |     3 ||    25
       Paralysed         |       |     4 |     3 |     5 ||    12
       Confused          |       |       |    13 |    42 ||    55
       Distracted        |       |       |       |     4 ||     4
  Eat: Ration            |       |     2 |     4 |     5 ||    11
Armor: Robe              |     8 |    17 |    25 |    81 ||   131
Dodge: Dodged            |    95 |   220 |   280 |   837 ||  1432

Table legend:
 A = Spawn XP
 B = Non-spawn XP
 C = Spawn XP percentage of total XP
 D = Spawn monster count
 E = Non-spawn monster count
 F = Spawn count percentage of total count
 G = Total turns spent on level
                    A         B        C        D         E        F      G
               +---------+---------+-------+---------+---------+-------+---------
         Total |       0 |   21616 |   0.0 |       0 |     301 |   0.0 | 17961
               +---------+---------+-------+---------+---------+-------+---------
           D:1 |       0 |      21 |   0.0 |       0 |      11 |   0.0 |  1211
           D:2 |       0 |     115 |   0.0 |       0 |      21 |   0.0 |   938
           D:3 |       0 |     110 |   0.0 |       0 |      33 |   0.0 |  1771
           D:4 |       0 |     452 |   0.0 |       0 |      20 |   0.0 |  1199
           D:5 |       0 |     759 |   0.0 |       0 |      15 |   0.0 |  1112
           D:6 |       0 |     772 |   0.0 |       0 |      14 |   0.0 |  1179
           D:7 |       0 |     987 |   0.0 |       0 |      11 |   0.0 |  1932
           D:8 |       0 |    6025 |   0.0 |       0 |      53 |   0.0 |  2334
           D:9 |       0 |    2040 |   0.0 |       0 |      46 |   0.0 |  2109
          D:10 |       0 |    4182 |   0.0 |       0 |      36 |   0.0 |  1355
          D:11 |       0 |    6106 |   0.0 |       0 |      38 |   0.0 |  1933
        Temple |       0 |      47 |   0.0 |       0 |       3 |   0.0 |   436
               +---------+---------+-------+---------+---------+-------+---------
